 Dungeon Crawl Stone Soup version 0.17-a0-1840-g87820a2 (webtiles) character file.

200 nubinia the Grave Robber (level 5, 0/35 HPs)
             Began as a Demonspawn Necromancer on Sept 16, 2015.
             Slain by an orc wizard
             ... wielding a +0 dagger
              (2 damage)
             ... on level 4 of the Dungeon.
             The game lasted 00:18:13 (2762 turns).

nubinia the Grave Robber (Demonspawn Necromancer)   Turns: 2762, Time: 00:18:13

Health: 0/35       AC:  2    Str:  8    XL:     5   Next: 48%
Magic:  1/10       EV: 13    Int: 17    God:
Gold:   65         SH:  0    Dex: 14    Spells: 4 memorised, 1 level left

rFire  . . .     SeeInvis .     t - +0 battleaxe
rCold  + . .     Clarity  .     a - +0 robe
rNeg   . . .     SustAt   .     (no shield)
rPois  .         Gourm    .     (no helmet)
rElec  .         Spirit   .     (no cloak)
rCorr  .         Warding  .     (no gloves)
rMut   .         Stasis   .     (no boots)
MR     .....                    z - amulet of regeneration
Stlth  ++........               (no ring)
                                f - ring of protection from cold

@: not resistant to hostile enchantments, unstealthy
A: hooves 1, foul stench 1, rot immunity
a: no special abilities


You were on level 4 of the Dungeon.
You were hungry.

You visited 1 branch of the dungeon, and saw 4 of its levels.

You collected 65 gold pieces.

Inventory:

Hand weapons
 h - a +0 hand axe
 t - a +0 battleaxe (weapon)
Missiles
 y - 2 curare-tipped needles
Armour
 a - a +0 robe (worn)
Jewellery
 f - a ring of protection from cold (left hand)
 z - an amulet of regeneration (around neck)
Scrolls
 d - a scroll of fear
 j - 4 scrolls of fog
 l - a scroll of blinking {unknown}
 n - a scroll of remove curse {unknown}
 p - a scroll of amnesia {unknown}
 q - a scroll of magic mapping {unknown}
 s - a scroll of recharging {unknown}
Potions
 e - 3 potions of invisibility
 i - a potion of haste
 k - a potion of might
 m - 2 potions of curing
 v - a potion of degeneration
 A - a potion of flight {unknown}
Books
 b - a book of Necromancy

   Spells                             Type                      Level
   a - Pain                           Necromancy                   1
   b - Animate Skeleton               Necromancy                   1
   c - Vampiric Draining              Necromancy                   3
   d - Regeneration                   Charms/Necromancy            3
   e - Animate Dead                   Necromancy                   4
   f - Control Undead                 Necromancy                   4
Comestibles
 c - 5 bread rations
 g - a fruit
 o - 2 chunks of flesh
 r - 3 slices of pizza
 u - a royal jelly
 w - 2 beef jerkies
 x - a meat ration


   Skills:
 + Level 0.6 Axes
 + Level 2.4 Dodging
 + Level 2.7 Stealth
 + Level 3.4 Spellcasting
 + Level 5.5 Necromancy


You had one spell level left.
You knew the following spells:

 Your Spells              Type           Power        Failure   Level  Hunger
a - Pain                  Necr           ###.         1%          1    None
b - Control Undead        Necr           ###.......   21%         4    ####...
v - Vampiric Draining     Necr           ###.......   8%          3    ###....
S - Animate Skeleton      Necr           N/A          1%          1    None


Dungeon Overview and Level Annotations

Branches:
Dungeon (4/15)
 Temple: D:4-7

Altars:

Portals:
Sewer: D:4

Annotations:
D:4 Grinder


Innate Abilities, Weirdness & Mutations

You have large cloven feet.
You may emit foul miasma when damaged in melee.
You are immune to rotting.


Message History

Unknown command.
Casting: Vampiric Draining
Confirm with . or Enter, or press ? or * to list all spells.
Aiming: Vampiric Draining
Press: ? - help, Shift-Dir - straight line, f/p - adder
Aim: an adder (severely wounded, sick)
You kill the adder!
You feel life coursing into your body.
You are feeling hungry.
Something hits you.
* * * LOW HITPOINT WARNING * * *
The orc hits you with a hand axe.
* * * LOW HITPOINT WARNING * * *
You emit a cloud of foul miasma!
You slash the giant cockroach!
You kill the giant cockroach!
You closely miss something. You barely miss the orc. Something hits you.
* * * LOW HITPOINT WARNING * * *
Something hits you.
You die...

#####...###
####.........
#<...##....!
###.#.....#.# #
#...........#.#
#.#######.#.#.#
#.#≈≈≈≈≈#.....#
###.†≈≈∩≈≈#....##
#.)@#≈≈≈≈≈#.....##
###5#o#######......#
#....o..............#
#.#........>........+
# #.....###.........#
#...#.# ##$......##
###.#.# ##.....##
)...# ##...## ##.###
#+##


You could see Grinder and 2 orcs.

Vanquished Creatures
  Terence (D:2)
  4 gnolls (D:2)
  6 adders
  An ooze (D:2)
  2 worms (D:2)
  3 giant geckos
  An orc (D:4)
  3 bats
  6 giant cockroaches
  4 goblins
  5 hobgoblins
  2 jackals (D:3)
  7 kobolds
  A quokka (D:2)
  3 giant newts
  6 rats
55 creatures vanquished.

Vanquished Creatures (collateral kills)
  2 adders (D:2)
  2 goblins (D:2)
  2 jackals (D:3)
  2 kobolds
  A rat (D:2)
9 creatures vanquished.

Grand Total: 64 creatures vanquished

Notes
Turn   | Place    | Note
--------------------------------------------------------------
     0 | D:1      | nubinia the Demonspawn Necromancer began the quest for the Orb.
     0 | D:1      | Reached XP level 1. HP: 13/13 MP: 3/3
    57 | D:1      | Learned a level 1 spell: Animate Skeleton
   565 | D:1      | Gained mutation: You are immune to rotting. [demonic ancestry]
   565 | D:1      | Reached XP level 2. HP: 16/19 MP: 3/5
   647 | D:2      | Noticed Terence
   776 | D:2      | Killed Terence
   776 | D:2      | Reached skill level 5 in Necromancy
   776 | D:2      | Gained mutation: You have large cloven feet. [demonic ancestry]
   776 | D:2      | Reached XP level 3. HP: 18/24 MP: 0/6
   965 | D:2      | Your ally Terence died
  1072 | D:2      | Reached XP level 4. HP: 16/30 MP: 6/8
  1648 | D:2      | Learned a level 3 spell: Vampiric Draining
  1834 | D:2      | Gained mutation: You may emit foul miasma when damaged in melee. [demonic ancestry]
  1834 | D:2      | Reached XP level 5. HP: 29/35 MP: 5/10
  1890 | D:2      | Learned a level 4 spell: Control Undead
  2736 | D:4      | Found a glowing drain.
  2736 | D:4      | Noticed Grinder
  2762 | D:4      | Slain by an orc wizard

Vault maps used:
D:1:      minmay_arrival_four_circles
D:2:      uniq_terence
D:3:      wad_pebble_path, minmay_parallelograms
D:4:      led_sif_pool, gup_sewer_entry_glass, kennysheep_generic_room_5,
          uniq_grinder

Action                   |  1- 3 |  4- 6 || total
-------------------------+-------+-------++-------
Melee: Hand axe          |    42 |       ||    42
       Unarmed           |     1 |       ||     1
       Battleaxe         |    12 |    77 ||    89
 Cast: Pain              |    14 |    25 ||    39
       Animate Skeleton  |    15 |    20 ||    35
       Vampiric Draining |       |     4 ||     4
  Use: Potion            |     2 |       ||     2
       Scroll            |     2 |     2 ||     4
 Stab: Sleeping          |     6 |     7 ||    13
  Eat: Chunk             |     2 |     6 ||     8
